Map: Deathaura LE

Players

Probe - Winner!

  • Race: Protoss Protoss
  • Spawn Location: 5:00

Hurricane

  • Race: Protoss Protoss
  • Spawn Location: 11:00

Event: IEM Katowice 2021

VOD

Have the link to the VOD?

Description

Time

  • Played on: Feb. 20, 2021, 11:28 a.m.
  • Length: 16:08

All games in this series

Show
View Real Time Build Order
Export as new Build Order

Probe Protoss - Winner!

Build Orders: Phoenix Opening 

Get SALT Encoding   

  12  0:00  Probe  
  13  0:12  Probe  
  14  0:17  Pylon  
  14  0:24  Probe (Chrono Boost)  
  15  0:36  Probe (Chrono Boost)  
  15  0:37  Gateway  
  16  0:44  Probe (Chrono Boost)  
  16  0:45  Assimilator  
  17  0:51  Probe  
  17  0:55  Assimilator  
  18  1:03  Probe (Chrono Boost)  
  19  1:07  Gateway  
  19  1:13  Probe (Chrono Boost)  
  19  1:17  Probe (Chrono Boost)  
  20  1:24  Cybernetics Core  
  21  1:29  Probe  
  22  1:34  Pylon  
  22  1:41  Probe  
  23  1:53  Probe  
  24  2:01  Adept x2, Warp Gate  
  24  2:05  Probe  
  29  2:10  Pylon  
  29  2:18  Probe  
  29  2:19  Stargate  
  30  2:32  Stalker  
  30  2:36  Stalker  
  34  2:42  Probe  
  35  2:48  Pylon  
  35  3:01  Phoenix (Chrono Boost)  
  37  3:07  Shield Battery  
  37  3:17  Phoenix  
  39  3:35  Probe  
  39  3:38  Nexus  
  39  3:41  Twilight Council  
  39  3:47  Probe  
  36  3:56  Stalker  
  36  3:59  Probe  
  39  4:04  Shield Battery  
  39  4:10  Stalker  
  39  4:11  Probe (Chrono Boost)  
  42  4:18  Pylon  
  42  4:22  Probe (Chrono Boost)  
  43  4:29  Probe  
  43  4:32  Blink  
  43  4:41  Sentry  
  43  4:42  Probe (Chrono Boost)  
  47  4:54  Probe (Chrono Boost)  
  47  4:55  Stalker  
  47  4:59  Probe x2 (Chrono Boost)  
  50  5:08  Probe (Chrono Boost)  
  50  5:11  Probe (Chrono Boost)  
  52  5:20  Probe (Chrono Boost)  
  54  5:25  Gateway, Probe (Chrono Boost)  
  54  5:28  Probe (Chrono Boost), Gateway, Forge  
  55  5:33  Probe (Chrono Boost)  
  55  5:34  Sentry  
  55  5:35  Sentry  
  61  5:39  Probe x2 (Chrono Boost)  
  62  5:44  Pylon  
  62  5:48  Probe  
  63  5:51  Probe  
  63  5:56  Nexus  
  64  5:58  Protoss Ground Weapons Level 1  
  64  6:05  Pylon  
  64  6:07  Robotics Facility  
  64  6:10  Pylon  
  64  6:20  Probe x2  
  64  6:22  Assimilator  
  64  6:23  Shield Battery  
  66  6:26  Stalker x2  
  71  6:33  Probe  
  71  6:41  Shield Battery  
  71  6:43  Shield Battery x2  
  71  6:44  Pylon  
  71  6:45  Probe  
  70  6:51  Stalker x2  
  74  7:00  Stalker  
  74  7:01  Stalker  
  72  7:06  Probe x2  
  74  7:12  Immortal (Chrono Boost)  
  76  7:18  Probe x2  
  76  7:22  Probe, Gateway x2  
  79  7:28  Stalker  
  81  7:35  Probe  
  81  7:36  Stalker x2  
  86  7:39  Shield Battery  
  86  7:42  Probe  
  87  7:44  Charge (Chrono Boost)  
  87  7:45  Probe  
  87  7:47  Observer  
  89  7:57  Probe x2  
  89  7:58  Gateway  
  91  8:00  Gateway  
  91  8:01  Stalker x2  
  91  8:03  Probe  
  96  8:06  Protoss Ground Weapons Level 2 (Chrono Boost)  
  96  8:07  Warp Prism  
  96  8:09  Photon Cannon, Probe  
  97  8:15  Pylon x2  
  99  8:33  Sentry  
  101  8:40  Nexus  
  101  8:46  Zealot x5  
  111  8:53  Pylon, Photon Cannon  
  111  9:00  Stalker x2  
  111  9:01  Stalker  
  113  9:14  Stalker  
  113  9:15  Stalker x2, Zealot x2  
  123  9:22  Photon Cannon  
  123  9:28  Photon Cannon  
  123  9:30  Shield Battery  
  123  9:32  Stalker x3  
  123  9:37  Zealot  
  123  9:38  Zealot  
  133  9:52  Zealot x3  
  123  10:02  Probe x4  
  123  10:05  Assimilator x2  
  125  10:08  Zealot x5  
  125  10:13  Zealot x3  
  125  10:14  Probe  
  136  10:30  Robotics Bay, Protoss Ground Weapons Level 3  
  136  10:32  Robotics Facility  
  136  10:39  Probe x3  
  136  10:41  Pylon  
  139  10:44  Shield Battery  
  139  10:45  Shield Battery  
  139  10:48  Pylon  
  139  11:07  Zealot x8  
  141  11:18  Disruptor  
  132  11:19  Shield Battery  
  132  11:20  Disruptor  
  115  11:28  Zealot  
  115  11:29  Zealot x7  
  131  11:34  Dark Shrine  
  131  11:41  Gateway  
  131  11:42  Gateway x2  
  131  11:51  Disruptor (Chrono Boost)  
  131  11:53  Stalker x4, Disruptor (Chrono Boost)  
  131  11:54  Stalker  
  144  12:00  Zealot  
  144  12:01  Zealot  
  151  12:04  Assimilator, Probe x4  
  151  12:05  Assimilator  
  151  12:07  Pylon  
  155  12:16  Probe x3  
  155  12:17  Gateway  
  155  12:18  Zealot  
  155  12:19  Zealot x3, Disruptor  
  155  12:22  Disruptor  
  170  12:36  Stalker x5  
  180  12:39  Pylon  
  180  12:48  Pylon, Shadow Stride  
  180  12:50  Pylon  
  176  12:54  Dark Templar x2  
  176  12:57  Dark Templar  
  178  12:59  Zealot x5  
  188  13:07  Dark Templar  
  188  13:09  Pylon  
  185  13:27  Photon Cannon  
  185  13:28  Photon Cannon  
  185  13:30  Photon Cannon  
  187  13:34  Observer x2  
  187  13:40  Dark Templar x4  
  187  13:41  Zealot x4  
  196  13:55  Zealot, Disruptor  
  172  13:56  Zealot x2  
  178  14:08  Disruptor  
  173  14:12  Stalker x6  
  173  14:14  Nexus  
  173  14:16  Pylon  
  179  14:25  Zealot x5  
  179  14:30  Disruptor  
  188  14:35  Zealot x3  
  186  14:42  Zealot x3  
  186  14:53  Stalker x4  
  186  14:59  Disruptor  
  194  15:06  Disruptor  
  190  15:14  Zealot x4  
  180  15:41  Stalker x6  
  180  15:42  Stalker x3  
Show
View Real Time Build Order
Export as new Build Order

Hurricane Protoss 

Build Orders: Oracle Opening 

Get SALT Encoding   

  12  0:00  Probe  
  13  0:12  Probe  
  14  0:17  Pylon  
  14  0:24  Probe  
  15  0:35  Gateway  
  15  0:37  Probe (Chrono Boost)  
  15  0:42  Assimilator  
  16  0:46  Probe (Chrono Boost)  
  17  0:51  Probe (Chrono Boost)  
  18  1:01  Assimilator  
  18  1:03  Probe (Chrono Boost)  
  19  1:07  Gateway  
  19  1:13  Probe (Chrono Boost)  
  19  1:18  Probe (Chrono Boost)  
  20  1:23  Cybernetics Core  
  21  1:30  Probe  
  22  1:35  Pylon  
  22  1:42  Probe  
  23  1:54  Probe  
  23  1:59  Adept  
  23  2:00  Adept  
  28  2:02  Warp Gate  
  28  2:13  Stargate  
  28  2:21  Pylon  
  28  2:33  Stalker  
  30  2:54  Oracle (Chrono Boost)  
  30  2:56  Probe  
  34  3:12  Nexus  
  34  3:22  Probe  
  32  3:36  Probe  
  33  3:47  Twilight Council  
  31  3:48  Probe  
  32  4:01  Stalker, Probe  
  32  4:02  Stalker  
  37  4:11  Blink (Chrono Boost)  
  37  4:12  Shield Battery  
  37  4:13  Probe  
  38  4:27  Probe (Chrono Boost)  
  38  4:29  Probe (Chrono Boost)  
  41  4:42  Probe x2 (Chrono Boost)  
  39  4:48  Stalker  
  39  4:49  Probe  
  39  4:51  Probe  
  43  5:01  Probe  
  43  5:04  Stalker  
  43  5:05  Probe  
  43  5:13  Probe  
  44  5:18  Probe  
  45  5:22  Gateway  
  45  5:25  Probe  
  45  5:28  Sentry x2  
  50  5:30  Probe  
  50  5:33  Pylon  
  50  5:35  Assimilator  
  51  5:36  Pylon  
  51  5:37  Probe  
  51  5:43  Probe  
  53  5:50  Probe  
  53  5:52  Gateway  
  53  5:55  Robotics Facility  
  53  5:56  Probe  
  54  5:57  Stalker  
  54  6:02  Probe  
  56  6:06  Pylon  
  56  6:08  Probe  
  57  6:14  Probe  
  58  6:19  Stalker x2  
  58  6:20  Stalker  
  58  6:24  Probe  
  65  6:36  Nexus  
  65  6:43  Stalker, Sentry  
  65  6:45  Stalker  
  71  6:47  Stalker  
  69  7:01  Probe  
  69  7:06  Probe  
  69  7:14  Stalker x4, Probe  
  76  7:18  Probe  
  76  7:19  Forge  
  76  7:21  Charge (Chrono Boost)  
  77  7:26  Probe  
  78  7:30  Pylon  
  78  7:33  Probe  
  77  7:38  Probe  
  78  7:47  Protoss Ground Weapons Level 1 (Chrono Boost), Probe  
  78  7:49  Immortal (Chrono Boost)  
  78  7:50  Probe  
  80  7:53  Gateway  
  80  7:56  Gateway  
  80  7:58  Probe  
  85  8:03  Gateway, Probe x2  
  87  8:08  Sentry  
  87  8:09  Gateway  
  89  8:17  Sentry  
  89  8:18  Zealot x2  
  95  8:21  Observer  
  95  8:22  Pylon  
  95  8:23  Probe x3  
  95  8:25  Phoenix  
  99  8:32  Nexus  
  99  8:38  Gateway  
  99  8:42  Gateway  
  99  8:45  Immortal (Chrono Boost)  
  103  8:55  Probe x3  
  106  8:57  Pylon  
  106  8:59  Zealot  
  108  9:03  Pylon  
  108  9:06  Templar Archives, Phoenix  
  106  9:16  Probe x3  
  109  9:18  Pylon, Warp Prism (Chrono Boost)  
  111  9:25  Zealot x3  
  117  9:31  Shield Battery  
  117  9:32  Shield Battery  
  117  9:36  Probe  
  119  9:42  Gateway x2  
  119  9:44  Zealot x4  
  126  9:47  Pylon  
  126  9:50  Zealot x4  
  117  10:00  Zealot  
  117  10:02  Pylon  
  117  10:04  Probe x3  
  117  10:05  Probe  
  123  10:08  High Templar x3  
  123  10:09  High Templar  
  123  10:12  Archon  
  123  10:13  Archon, Zealot x4  
  139  10:16  Pylon  
  139  10:17  Pylon  
  139  10:19  Pylon  
  139  10:23  Protoss Ground Weapons Level 2 (Chrono Boost)  
  139  10:27  Zealot x2  
  137  10:34  Zealot x4  
  145  10:37  Zealot x2  
  149  10:43  Probe x3  
  149  10:45  Pylon  
  149  10:47  Assimilator  
  152  10:51  Robotics Bay, Assimilator  
  152  10:54  Zealot x3  
  153  11:01  Zealot x5  
  145  11:14  Zealot x4  
  145  11:15  Zealot x3  
  152  11:30  Pylon  
  150  11:34  Pylon, Probe x3  
  150  11:35  Robotics Facility  
  150  11:36  Assimilator  
  150  11:39  Zealot  
  155  11:42  Assimilator  
  155  11:43  Assimilator  
  155  11:45  Pylon  
  153  11:48  Zealot x3, Pylon  
  153  11:50  Pylon  
  153  11:52  Disruptor  
  160  12:00  Probe x4  
  162  12:03  Photon Cannon  
  162  12:05  Assimilator, Photon Cannon  
  162  12:07  Pylon  
  162  12:08  Assimilator  
  162  12:14  Photon Cannon  
  163  12:15  Probe x3  
  163  12:20  Disruptor (Chrono Boost)  
  163  12:21  Pylon  
  171  12:36  Dark Shrine  
  171  12:38  Disruptor (Chrono Boost)  
  171  12:42  Zealot x3  
  171  12:43  Zealot  
  179  12:45  Disruptor (Chrono Boost)  
  179  12:47  Zealot x2  
  179  12:49  Nexus  
  179  12:50  Gravitic Boosters  
  186  12:51  Probe  
  186  12:52  Probe x3  
  186  12:54  Protoss Ground Weapons Level 3 (Chrono Boost)  
  191  13:07  Observer (Chrono Boost)  
  187  13:13  Disruptor  
  188  13:25  Disruptor  
  181  13:41  Photon Cannon  
  174  13:43  Zealot x7  
  179  13:51  Probe  
  179  13:54  Probe  
  166  14:02  Stalker x4  
  160  14:19  Probe (Chrono Boost)  
  160  14:20  Probe x3 (Chrono Boost)  
  160  14:22  Photon Cannon  
  165  14:25  Photon Cannon  
  165  14:26  Shield Battery  
  165  14:27  Probe (Chrono Boost)  
  165  14:29  Immortal x2  
  172  14:31  Probe (Chrono Boost)  
  172  14:32  Probe (Chrono Boost)  
  172  14:33  Probe (Chrono Boost)  
  172  14:35  Probe (Chrono Boost)  
  165  14:43  Pylon  
  165  14:46  Zealot x5  
  163  14:55  Zealot x3  
  165  15:06  High Templar x4  
  165  15:08  Observer  
  165  15:13  Archon  
  132  15:15  Archon  
  132  15:16  Stalker x4  
  132  15:17  Stalker  
  121  15:30  Dark Templar x2  
  96  15:43  High Templar  
  96  15:44  High Templar x3  
  96  15:45  High Templar x2  
  96  15:46  Zealot x5  
  96  15:49  Archon  
  116  15:50  Archon x2  

Tags
 
Add a new tag
Caveats
  • Supply blocks, unpowered buildings, or Contaminate may cause inaccurate times.
  • Supply counts are checked every 10 seconds.